 Dungeon Crawl Stone Soup version 0.17-a0-1481-gfdcec5c (webtiles) character file.

410 Goblin1989 the Poker (level 6, -4/78 HPs)
             Began as a Minotaur Hunter on July 4, 2015.
             Slain by a wyvern zombie (6 damage)
             ... on level 4 of the Dungeon.
             The game lasted 00:12:11 (3448 turns).

Goblin1989 the Poker (Minotaur Hunter)              Turns: 3448, Time: 00:12:12

Health: -4/78      AC: 23    Str: 16    XL:     6   Next: 58%
Magic:  5/5        EV:  2    Int:  8    God:
Gold:   131        SH:  0    Dex: 18    Spells: 0 memorised, 5 levels left

rFire  . . .     SeeInvis .     p - +0 spear
rCold  . . .     Clarity  .     (armour currently unavailable)
rNeg   + + +     SustAt   .     (no shield)
rPois  +         Gourm    .     (helmet currently unavailable)
rElec  .         Spirit   .     (cloak currently unavailable)
rCorr  .         Warding  .     (gloves currently unavailable)
rMut   .         NoTele   +     (boots currently unavailable)
MR     .....                    (no amulet)
Stlth  +++.......               (no ring)
                                (no ring)

@: agile, tree-form, very slightly contaminated, hasted, very quick, not
resistant to hostile enchantments, fairly stealthy
A: (retaliatory headbutt), (horns 0)
a: no special abilities


You were on level 4 of the Dungeon.
You were very hungry.
You were a tree.
You visited 1 branch of the dungeon, and saw 5 of its levels.

You collected 131 gold pieces.

Inventory:

Hand weapons
 a - a +1 shortbow
 p - a +0 spear (weapon)
Missiles
 b - 38 arrows (quivered)
 w - 13 arrows of frost
Armour
 d - a +0 leather armour (melded)
 k - a +0 cloak (melded)
 l - a +0 pair of gloves (melded)
 r - a +0 pair of boots (melded)
Jewellery
 t - a cursed amulet of inaccuracy {unknown}
 v - a cursed ring of loudness {unknown}
 y - an uncursed ring of sustain attributes {unknown}
 B - an uncursed amulet of rage {unknown}
 C - an uncursed ring of protection from cold {unknown}
Scrolls
 c - a scroll of teleportation {unknown}
 h - a scroll of noise {unknown}
 j - a scroll of enchant weapon {unknown}
 n - 6 scrolls of identify {unknown}
 q - a scroll of blinking {unknown}
 s - 2 scrolls of remove curse {unknown}
 u - a scroll of fear {unknown}
 x - 2 scrolls of enchant armour {unknown}
 A - a scroll of magic mapping {unknown}
Potions
 g - a potion of curing
 i - a potion of lignification
 o - 2 potions of agility
Comestibles
 e - 2 bread rations
 f - 2 beef jerkies
 m - 3 meat rations
 z - a slice of pizza


   Skills:
 - Level 4.0 Fighting
 + Level 7.4 Polearms
 - Level 4.3 Bows
 - Level 2.1 Dodging
 - Level 0.7 Stealth


You had 5 spell levels left.
You didn't know any spells.

Dungeon Overview and Level Annotations

Branches:
Dungeon (5/15)
 Temple: D:4-7

Altars:
Cheibriados
Trog
The Shining One

Annotations:
D:3 Grinder; mrath's ghost, weakling TrAs


Innate Abilities, Weirdness & Mutations

((You reflexively headbutt those who attack you in melee.))
((You have a pair of horns on your head.))


Message History

The wyvern zombie completely misses you.
You hit the wyvern zombie but do no damage.
The wyvern zombie bites you but does no damage.
You hit the wyvern zombie but do no damage.
The wyvern zombie bites you.
* * * LOW HITPOINT WARNING * * *
You hit the wyvern zombie. The wyvern zombie bites you!
* * * LOW HITPOINT WARNING * * *
Drink which item? (? for menu, Esc to quit)
It was a potion of haste.
You feel yourself speed up.
The wyvern zombie bites you but does no damage.
The wyvern zombie bites you.
* * * LOW HITPOINT WARNING * * *
You are very lightly contaminated with residual magic.
You hit the wyvern zombie but do no damage.
You barely miss the wyvern zombie.
The wyvern zombie bites you but does no damage.
You hit the wyvern zombie. You hit the wyvern zombie.
The wyvern zombie bites you.
You die...

#....<...$..#
......
#...........#
#..........?#
#...........##
######........
#.####### #S#
#Z# #♣#
###########
#######'##
#.........##
#........#
#.#######.##
#........#
#.#.........
#........#
#.#.#####.##
#........#
#...........
#........#
###.#####...
#........# #.#
#...
#........# #.#
#...


You could see an adder and a wyvern zombie.

Vanquished Creatures
  A scorpion (D:4)
  2 hounds
  An orc priest (D:4)
  3 orc wizards
  4 worker ants (D:4)
  A shadow imp (D:4)
  An ooze (D:2)
  4 worms
  2 giant geckos
  3 orcs
  A ball python (D:4)
  2 giant cockroaches
  6 hobgoblins
  4 jackals (D:1)
  7 bats
  2 giant newts
  10 goblins
  A jackal skeleton (D:4)
  9 kobolds
  A quokka skeleton (D:4)
  6 rats
71 creatures vanquished.

Notes
Turn   | Place    | Note
--------------------------------------------------------------
     0 | D:1      | Goblin1989 the Minotaur Hunter began the quest for the Orb.
     0 | D:1      | Reached XP level 1. HP: 18/18 MP: 0/0
   309 | D:1      | Reached XP level 2. HP: 15/26 MP: 1/1
   989 | D:2      | Reached skill level 1 in Polearms
  1021 | D:2      | Reached XP level 3. HP: 28/33 MP: 2/2
  1163 | D:2      | Found a faded altar to an unknown god.
  1490 | D:3      | Noticed Grinder
  1602 | D:3      | Found a bloodstained altar of Trog.
  1614 | D:3      | Found a snail-covered altar of Cheibriados.
  1629 | D:3      | Found a glowing golden altar of the Shining One.
  1730 | D:3      | Noticed mrath's ghost (weakling TrAs)
  1767 | D:4      | Reached XP level 4. HP: 32/40 MP: 3/3
  1852 | D:4      | Noticed a scorpion
  1864 | D:4      | Killed a scorpion
  2168 | D:4      | Reached skill level 5 in Polearms
  2168 | D:4      | Reached XP level 5. HP: 34/46 MP: 4/4
  2453 | D:4      | Reached skill level 6 in Polearms
  2788 | D:5      | Entered Level 5 of the Dungeon
  2817 | D:5      | Reached XP level 6. HP: 36/52 MP: 5/5
  3072 | D:4      | Reached skill level 7 in Polearms
  3444 | D:4      | HP: 1/78 [wyvern zombie (3)]
  3448 | D:4      | Slain by a wyvern zombie

Vault maps used:
D:1:      dpeg_arrival_rooms_with_view
D:2:      ecumenical_altar_2
D:3:      cheibriados_altar_1, nicolae_overflow_quartered_altars, first_bread,
          kennysheep_generic_room_3, uniq_grinder
D:4:      gup_sewer_entry_glass, serial_bayou_pond_b
D:5:      basic_altar, serial_glass, glass_columns_c, glass_columns_b,
          minmay_misc_feat_room

Action                   |  1- 3 |  4- 6 || total
-------------------------+-------+-------++-------
Melee: Unarmed           |    77 |       ||    77
       Short sword       |     1 |       ||     1
       Spear             |    87 |   134 ||   221
  Use: Potion            |       |     4 ||     4
 Stab: Distracted        |     1 |       ||     1
  Eat: Chunk             |     3 |     4 ||     7
